 Dungeon Crawl Stone Soup version 0.19-a0-1127-gac58878 (webtiles) character file.

6193 magipi the Carver (level 10, -17/64 HPs)
             Began as a Tengu Berserker on Aug 12, 2016.
             Was a High Priest of Trog.
             Killed from afar by a war gargoyle (41 damage)
             ... with a spray of metal splinters
             ... on level 12 of the Dungeon.
             The game lasted 00:33:59 (9690 turns).

magipi the Carver (Tengu Berserker)                 Turns: 9690, Time: 00:34:00

Health: -17/64     AC: 12    Str: 18    XL:     10   Next: 91%
Magic:  16/16      EV: 13    Int: 12    God:    Trog [*****.]
Gold:   581        SH:  0    Dex: 15    Spells: 0 memorised, 9 levels left

rFire  + . .     SeeInvis .     a - +0 falchion
rCold  . . .     Gourm    .     n - +1 chain mail {rF+}
rNeg   . . .     Faith    .     (no shield)
rPois  .         Spirit   .     (helmet restricted)
rElec  .         Dismiss  +     M - +0 cloak
rCorr  .         Reflect  .     (no gloves)
SustAt .         Harm     .     (boots unavailable)
MR     .....                    d - amulet of dismissal
Stlth  ..........               N - +3 ring of intelligence
                                K - +2 ring of evasion (curse)

@:
A: beak, talons 3, able to fly 1
a: Fly, Berserk, Trog's Hand, Brothers in Arms, Burn Spellbooks, Renounce
Religion


You were on level 12 of the Dungeon.
You worshipped Trog.
Trog was extremely pleased with you.
You were not hungry.

You visited 2 branches of the dungeon, and saw 13 of its levels.

You collected 581 gold pieces.

Notes
Turn   | Place    | Note
-------+----------+-------------------------------------------
     0 | D:1      | magipi the Tengu Berserker began the quest for the Orb.
     0 | D:1      | Reached XP level 1. HP: 14/14 MP: 2/2
   419 | D:1      | Reached skill level 4 in Long Blades
   419 | D:1      | Reached XP level 2. HP: 13/19 MP: 3/3
   794 | D:1      | Reached XP level 3. HP: 21/23 MP: 4/4
  1221 | D:2      | Found a radiant altar of Vehumet.
  1266 | D:2      | Reached skill level 5 in Long Blades
  1416 | D:2      | Reached ** piety under Trog
  1668 | D:2      | Found a faded altar of an unknown god.
  1773 | D:2      | Reached XP level 4. HP: 28/28 MP: 5/5
  1959 | D:3      | Found a hazy altar of Hepliaklqana.
  2048 | D:3      | Noticed CypherZel's ghost (amateur DsAK)
  2060 | D:3      | Killed CypherZel's ghost
  2060 | D:3      | Reached skill level 6 in Long Blades
  2060 | D:3      | Gained mutation: You can fly. [Tengu growth]
  2060 | D:3      | Reached XP level 5. HP: 32/32 MP: 6/6
  2062 | D:3      | Reached skill level 7 in Long Blades
  2105 | D:3      | Reached XP level 6. HP: 30/37 MP: 7/7
  2776 | D:3      | Noticed a hippogriff
  2785 | D:3      | Killed a hippogriff
  2785 | D:3      | Reached skill level 8 in Long Blades
  2906 | D:4      | Noticed Natasha
  2923 | D:4      | Killed Natasha
  2923 | D:4      | Reached *** piety under Trog
  3037 | D:4      | Reached XP level 7. HP: 34/41 MP: 8/8
  3185 | D:4      | Reached skill level 9 in Long Blades
  3240 | D:4      | Found a basalt altar of Yredelemnul.
  3240 | D:4      | Found an oddly glowing altar of Pakellas.
  3265 | D:4      | Noticed Torax's ghost (amateur DDFi)
  3284 | D:4      | Killed Torax's ghost
  3284 | D:4      | Reached skill level 10 in Long Blades
  3385 | D:4      | Reached XP level 8. HP: 46/46 MP: 9/9
  3437 | D:4      | Noticed Duvessa
  3437 | D:4      | Noticed Dowan
  3453 | D:4      | Killed Duvessa
  3456 | D:4      | Killed Dowan
  3514 | D:4      | Noticed Natasha
  3529 | D:4      | Killed Natasha
  3662 | D:5      | Entered Level 5 of the Dungeon
  3683 | D:5      | Found a shimmering altar of Xom.
  3735 | D:4      | Noticed Natasha
  3740 | D:4      | Killed Natasha
  3864 | D:5      | Reached **** piety under Trog
  4491 | D:5      | Found a burning altar of Makhleb.
  4544 | D:5      | Found a bloodstained altar of Trog.
  4640 | D:5      | Found a staircase to the Ecumenical Temple.
  4649 | Temple   | Entered the Ecumenical Temple
  4806 | D:5      | Reached skill level 5 in Dodging
  4901 | D:5      | Reached skill level 5 in Fighting
  4901 | D:5      | Reached XP level 9. HP: 54/54 MP: 10/10
  5483 | D:6      | Reached skill level 5 in Armour
  5502 | D:6      | Reached skill level 1 in Evocations
  5874 | D:6      | Reached ***** piety under Trog
  6428 | D:7      | Noticed Pikel
  6521 | D:7      | Killed Pikel
  7015 | D:8      | Reached XP level 10. HP: 48/61 MP: 13/13
  7139 | D:8      | Noticed Prince Ribbit
  7150 | D:8      | Killed Prince Ribbit
  7393 | D:8      | Found a staircase to the Lair.
  7889 | D:8      | Reached skill level 5 in Evocations
  8082 | D:8      | Noticed Joseph
  8096 | D:8      | Killed Joseph
  8647 | D:9      | Found an oddly glowing altar of Pakellas.
  8876 | D:10     | Entered Level 10 of the Dungeon
  9622 | D:11     | Noticed Erolcha
  9643 | D:11     | Killed Erolcha
  9679 | D:12     | Noticed a brown ugly thing
  9686 | D:12     | Noticed a storm dragon
  9686 | D:12     | Noticed a war gargoyle
  9687 | D:12     | Noticed a phantasmal warrior
  9690 | D:12     | Killed from afar by a war gargoyle

Inventory:

Hand Weapons
 a - a +0 falchion (weapon)
 D - a +0 blowgun
Missiles
 y - a throwing net (quivered)
 F - 4 tomahawks of returning
Armour
 n - a +1 chain mail of fire resistance (worn)
 J - a +0 scale mail of poison resistance
 M - a +0 cloak (worn)
Jewellery
 d - an amulet of dismissal (around neck)
 K - a cursed +2 ring of evasion (left hand)
 N - a +3 ring of intelligence (right hand)
 S - an uncursed amulet of faith {unknown}
 T - an uncursed ring of protection from cold {unknown}
Wands
 l - a wand of polymorph (10/24)
 v - a wand of polymorph (10/24)
 C - a wand of teleportation (2/9)
 O - a wand of disintegration (12/24)
 V - a wand of disintegration (11/24)
 X - a wand of teleportation (3/9)
Scrolls
 f - 2 scrolls of fear {unknown}
 i - a scroll of magic mapping
 j - a scroll of enchant weapon {unknown}
 p - a scroll of teleportation
 s - 2 scrolls of random uselessness
 t - a scroll of amnesia {unknown}
 w - a scroll of noise {unknown}
 x - 2 scrolls of blinking {unknown}
 A - 6 scrolls of remove curse {unknown}
 B - 2 scrolls of immolation {unknown}
 I - 2 scrolls of recharging {unknown}
 P - a scroll of summoning {unknown}
 R - 2 scrolls of enchant armour {unknown}
 W - a scroll of holy word {unknown}
Potions
 b - 3 potions of agility
 e - a potion of resistance
 h - 3 potions of haste
 m - a potion of cancellation
 o - 2 potions of flight {unknown}
 r - 3 potions of brilliance
 u - 2 potions of berserk rage
 z - a potion of cure mutation {unknown}
 Q - 2 potions of lignification {unknown}
 U - a potion of curing
 Z - a potion of heal wounds {unknown}
Books
 E - a book of Maledictions

   Spells                             Type                      Level
   a - Corona                         Hexes                        1
   b - Ensorcelled Hibernation        Hexes/Ice                    2
   c - Confuse                        Hexes                        3
   d - Tukima's Dance                 Hexes                        3
   e - Dazzling Spray                 Conjuration/Hexes            3
   Trog disapproves of the use of such an item.
Comestibles
 c - 7 bread rations
 g - 5 meat rations
 k - 8 royal jellies
 q - 7 fruits
 G - 3 chunks of flesh


   Skills:
 - Level 8.0 Fighting
 + Level 10.5 Long Blades
 - Level 6.9 Armour
 - Level 7.0 Dodging
 + Level 6.9 Evocations


You had 9 spell levels left.
You didn't know any spells.

Dungeon Overview and Level Annotations

Branches:
Dungeon (12/15)            Temple (1/1) D:5            Lair (0/6) D:8
    Orc: D:9-12

Altars:
Ashenzari
Cheibriados
Elyvilon
Fedhas
Gozag
Hepliaklqana
Makhleb
Nemelex Xobeh
Okawaru
Pakellas
Qazlal
Ru
Sif Muna
Trog
Uskayaw
Vehumet
Xom
Yredelemnul
Zin


Innate Abilities, Weirdness & Mutations

You have a beak for a mouth.
You have claws for feet.
You can fly.

Vault maps used:
D:1:      roderic_chinese_lattice_arrival
D:2:      fiery_altar_vehumet, ecumenical_altar_2
D:3:      lemuel_doored_altar
D:4:      gammafunk_temple_overflow_wave, first_bread, uniq_natasha,
          uniq_duvessa
D:5:      demons_altar, nicolae_overflow_crystal_walls, xom_butterflies,
          minmay_misc_feat_ornament
D:7:      uniq_pikel
D:8:      lair_0_dummy, st_stairs_8, hangedman_pestilent_swarm, uniq_joseph,
          uniq_prince_ribbit1
D:9:      basic_altar, hangedman_decor_slide_cut
D:11:     uniq_psyche, uniq_harold, uniq_erolcha
D:12:     minmay_containers
Temple:   bh_familiar_temple


Message History

Erolcha points at you and mumbles some strange words.
The orb of energy hits the giant frog.
The giant frog dies!
The orb of energy explodes!
Your skin crawls.
You feel resistant to hostile enchantments.
You feel somewhat more hungry. Erolcha misses you.
Unknown command.
A red film seems to cover your vision as you go berserk!
You feel yourself moving faster!
You feel mighty!
You are feeling hungry.
Erolcha closely misses you.
You riposte.
You slash Erolcha!
Erolcha is lightly wounded.
You slash Erolcha! You claw Erolcha. You peck Erolcha.
Erolcha is moderately wounded.
You hit Erolcha. Your kick misses Erolcha. Your peck misses Erolcha.
Erolcha is heavily wounded.
You slash Erolcha! You peck Erolcha!
Erolcha is almost dead.
Erolcha gestures at you while chanting.
The fireball explodes!
The fireball engulfs you! You resist.
The fireball engulfs Erolcha.
Erolcha dies!
You hear a shout!
Things that are here:
a giant spiked club; a runed robe; the ogre corpse of Erolcha You butcher the ogre corpse of Erolcha.
You enjoyed that.
G - 5 chunks of flesh
Things that are here:
a giant spiked club; a runed robe Eat one of 5 chunks of flesh? (ye/n/q)
You start eating one of the 5 chunks of flesh.
You continue eating. x2
You finish eating.
This raw flesh tastes terrible.
You feel a strong urge to attack something.
You start resting.
You are no longer berserk.
You are exhausted.
You feel yourself slow down.
You are feeling hungry.
Eat one of 4 chunks of flesh? (ye/n/q)
You start eating one of the 4 chunks of flesh.
HP restored.
Magic restored.
You continue eating. x2
You finish eating.
This raw flesh tastes terrible.
There is an open door here.
You feel the effects of Trog's Hand fading.
Found 30 sling bullets.
You see here 30 sling bullets.
Your skin stops crawling.
You feel less resistant to hostile enchantments.
As you open the door, it creaks loudly! 4 orcs, 3 orc warriors and an orc priest come into view.
The orc priest is wielding a hand axe of flaming.
The orc warrior shouts!
The orc shouts!
The orc warrior shouts!
The orc shouts! x2
The orc priest shouts!
The orc warrior shouts!
You hear a shout! x6
The orc priest looks braver for a moment.
Found 34 gold pieces. 2 orcs and 2 orc warriors come into view.
An orc is wielding a whip of flaming.
Unknown command.
You see here 30 sling bullets.
The orc warrior hits you with a battleaxe!!
The orc warrior hits you with a battleaxe!
You feel yourself speed up.
There is a stone staircase leading down here.
The orc warrior closely misses you.
You climb downwards.
An ugly thing, a troll and 4 wights come into view.
A wight is wielding a spear of freezing.
A wight is wielding a dagger of freezing.
The brown ugly thing gurgles horribly!
The troll shouts!
Found 27 stones.
There is a stone staircase leading up here.
As you read the scroll of teleportation, it crumbles to dust.
You feel strangely unstable. The orc warrior closely misses you.
You riposte.
You hit the orc warrior but do no damage.
Something hits you.
Deactivating autopickup; reactivate with Ctrl-A.
Something hits you but does no damage.
Found 19 stones.
Unknown command.
Something hits you.
Your surroundings suddenly seem different.
A hippogriff comes into view.
The hippogriff screeches!
A storm dragon and a war gargoyle come into view.
The war gargoyle is wielding a flail of draining.
The storm dragon roars deafeningly!
A phantasmal warrior comes into view.
The hippogriff misses you.
You riposte.
You slash the hippogriff!
You claw the hippogriff, but do no damage.
You peck the hippogriff.
The hippogriff is moderately wounded.
The hippogriff misses you. The hippogriff closely misses you.
You feel less exhausted.
The war gargoyle launches metal splinters at you.
The spray of metal splinters hits you!
Ouch! That really hurt!
You die...

.. #.#
8..####.#..#
.WD.....#..#
..9...D.#..#
##9#..# ##..#..#
##.H.#..#
..#....#..#
........@..#
#######....#
.....## ......##
##################
................
................
................
................


You could see a storm dragon, a war gargoyle and a hippogriff.

Vanquished Creatures
  Pikel (D:7)
  Joseph (D:8)
  The ghost of Torax the Chopper, an amateur DDFi of Makhleb (D:4)
  A two-headed ogre (D:9)
  Prince Ribbit (D:8)
  A hungry ghost (D:6)
  The ghost of CypherZel the Slasher, an amateur DsAK of Lugonu (D:3)
  A hippogriff (D:3)
  2 soldier ants (D:8)
  Duvessa (D:4)
  A water moccasin (D:9)
  3 orc warriors
  2 slaves (D:7)
  3 phantoms
  A wasp (D:8)
  2 black bears
  4 ogres
  4 centaurs
  A crocodile (D:7)
  3 giant frogs
  Dowan (D:4)
  3 scorpions
  3 howler monkeys
  A giant frog zombie (D:6)
  7 hounds
  2 jellies
  5 orc priests
  A gnoll shaman (D:5)
  2 iguanas
  3 iron imps (D:5)
  8 worker ants
  Natasha (thrice) (D:4)
  An orc wizard (D:10)
  A hound skeleton (D:5)
  A worker ant zombie (D:5)
  16 gnolls
  10 adders
  2 shadow imps
  2 oozes
  5 worms
  3 dart slugs
  3 giant geckos
  34 orcs
  6 bats
  2 giant cockroaches
  8 goblins
  5 hobgoblins
  8 jackals
  7 kobolds
  7 quokkas
  3 ball pythons
  A giant gecko zombie (D:6)
  2 giant newts
  A quokka skeleton (D:5)
  6 rats
208 creatures vanquished.

Vanquished Creatures (others)
  Erolcha (D:11)
  A giant frog (D:11)
  An adder (D:2)
3 creatures vanquished.

Grand Total: 211 creatures vanquished

Action                   |  1- 3 |  4- 6 |  7- 9 | 10-12 || total
-------------------------+-------+-------+-------+-------++-------
Melee: Falchion          |    69 |   112 |   477 |   256 ||   914
       Peck              |    16 |    31 |   105 |    68 ||   220
       Kick              |    19 |    34 |   191 |    80 ||   324
Invok: Berserk           |     3 |     2 |    16 |     8 ||    29
       Trog's Hand       |       |       |       |     1 ||     1
Evoke: Wand              |       |       |       |     2 ||     2
  Use: Scroll            |       |     7 |     3 |     1 ||    11
       Potion            |       |       |       |     3 ||     3
 Stab: Distracted        |       |       |       |     1 ||     1
  Eat: Chunk             |     5 |     5 |    21 |    11 ||    42
       Royal jelly       |     1 |       |     1 |     1 ||     3
       Fruit             |       |       |     2 |     2 ||     4
       Pizza             |       |       |     2 |     1 ||     3
       Beef jerky        |       |       |     2 |     1 ||     3
Armor: Animal skin       |     8 |       |       |       ||     8
       Plate armour      |     6 |    51 |   165 |    16 ||   238
       Chain mail        |       |       |       |    36 ||    36
       Scale mail        |       |       |       |    11 ||    11
Dodge: Dodged            |    25 |    24 |   132 |   100 ||   281

Action                   |  1- 3 |  4- 6 |  7- 9 | 10-12 || total
-------------------------+-------+-------+-------+-------++-------
Melee: Falchion          |    69 |   112 |   477 |   256 ||   914
       Peck              |    16 |    31 |   105 |    68 ||   220
       Kick              |    19 |    34 |   191 |    80 ||   324
Invok: Berserk           |     3 |     2 |    16 |     8 ||    29
       Trog's Hand       |       |       |       |     1 ||     1
Evoke: Wand              |       |       |       |     2 ||     2
  Use: Scroll            |       |     7 |     3 |     1 ||    11
       Potion            |       |       |       |     3 ||     3
 Stab: Distracted        |       |       |       |     1 ||     1
  Eat: Chunk             |     5 |     5 |    21 |    11 ||    42
       Royal jelly       |     1 |       |     1 |     1 ||     3
       Fruit             |       |       |     2 |     2 ||     4
       Pizza             |       |       |     2 |     1 ||     3
       Beef jerky        |       |       |     2 |     1 ||     3
Armor: Animal skin       |     8 |       |       |       ||     8
       Plate armour      |     6 |    51 |   165 |    16 ||   238
       Chain mail        |       |       |       |    36 ||    36
       Scale mail        |       |       |       |    11 ||    11
Dodge: Dodged            |    25 |    24 |   132 |   100 ||   281
